 Dungeon Crawl Stone Soup version 0.29.1-1-gd02db6906a (webtiles) character file.

Game seed: 9994452403670471771

86 safid the Shooter (level 4, -1/38 HPs)
             Began as a Minotaur Hunter on Oct 4, 2022.
             Slain by an adder (3 damage)
             ... on level 3 of the Dungeon.
             The game lasted 00:04:06 (1765 turns).

safid the Shooter (Minotaur Hunter)                 Turns: 1765, Time: 00:04:07

Health: -1/38      AC:  6    Str: 16    XL:     4   Next: 27%
Magic:  3/3        EV: 12    Int:  6    God:
Gold:   31         SH:  0    Dex: 15    Spells: 3/3 levels left

rFire   + . .      SeeInvis .   a - +0 shortbow
rCold   . . .      Faith    .   (shield currently unavailable)
rNeg    . . .      Spirit   .   c - +0 leather armour
rPois   .          Reflect  .   (helmet restricted)
rElec   .          Harm     .   (no cloak)
rCorr   .          Rampage  .   q - +2 pair of gloves
Will    .....                   (no boots)
Stlth   +.........              (no amulet)
HPRegen 0.12/turn               d - ring of protection from fire
MPRegen 0.08/turn               (no ring)

@: no status effects
A: horns 2, retaliatory headbutt
a: no special abilities


You were on level 3 of the Dungeon.
You visited 1 branch of the dungeon, and saw 3 of its levels.

You collected 31 gold pieces.

Inventory:

Hand Weapons
 a - a +0 shortbow (weapon)
Missiles
 e - 2 javelins
 j - a throwing net
Armour
 c - a +0 leather armour (worn)
 q - a +2 pair of gloves (worn)
Jewellery
 d - a ring of protection from fire (left hand)
Scrolls
 b - a scroll of immolation
 h - a scroll of vulnerability {unknown}
 i - 2 scrolls of fear {unknown}
 l - a scroll of enchant armour {unknown}
 p - a scroll of fog {unknown}
Potions
 f - 2 potions of brilliance {unknown}
 g - a potion of attraction {unknown}
 k - a potion of invisibility {unknown}
 m - a potion of cancellation {unknown}
 n - 2 potions of curing {unknown}
 o - a potion of heal wounds {unknown}
 r - a potion of resistance {unknown}


   Skills:
 - Level 3.0 Fighting
 + Level 6.1 Ranged Weapons
 - Level 2.3 Dodging
 - Level 1.0 Stealth


You had 3 spell levels left.
You didn't know any spells.
Your spell library was empty.

Dungeon Overview and Level Annotations

Branches:
Dungeon (3/15)

Altars:

Annotations:
D:3 Grinder


Innate Abilities, Weirdness & Mutations

You have a pair of horns on your head.
You reflexively headbutt those who attack you in melee.


Message History

You shoot an arrow.
Grinder shouts!
The arrow hits the orc priest but does no damage.
Grinder blinks!
You shoot an arrow. The arrow barely misses the orc.
You shoot an arrow. The arrow closely misses the orc.
You hear an angry hiss.
An orc priest comes into view. It is wielding a +0 mace.
You shoot an arrow. The arrow hits the orc!
You kill the orc!
An adder comes into view.
You shoot an arrow.
The arrow hits the orc but does no damage.
You shoot an arrow.
The arrow closely misses the orc priest.
The arrow hits the adder but does no damage.
The orc hits you with a +0 club.
The orc priest hits you with a +1 whip of flaming.
The orc priest burns you. The orc priest misses you. The orc barely misses you.
The adder bites you but does no damage. The orc attacks as you move away!
The orc hits you with a +0 club.
You are too injured to fight recklessly!
The orc priest attacks as you move away!
The orc priest hits you with a +1 whip of flaming.
* * * LOW HITPOINT WARNING * * *
The orc priest burns you.
* * * LOW HITPOINT WARNING * * *
You are too injured to fight recklessly!
You are too injured to fight recklessly!
You are too injured to fight recklessly!
You are too injured to fight recklessly!
The adder attacks as you move away! The adder completely misses you.
The adder misses you. The adder attacks as you move away!
The adder bites you but does no damage.
Found a fuming red potion.
The orc priest invokes the aid of Beogh against you.
Beogh smites you!
* * * LOW HITPOINT WARNING * * *
The adder bites you.
You die...

#....>....########.....###
#...).###......##..#......
#...#.o.#.####.##.##......
#.. ###...# #....##..)...
#o ##o.# ##.).......... .5
#..# #..####..#.### ..
#.o###.## ##...## .
#.S#...# ###>.## #.@#.###
##...# #....### #..#..
#....##...##### #.###.
.....####.....# #.# #.
#..### #####.###.# ## #!..
######..##>#### #..
#.......##.##.. ..
#......<......#
#..........[)).


You could see an orc priest, an adder and an orc.

Vanquished Creatures
  3 adders
  7 orcs (D:3)
  3 ball pythons
  6 bats
  2 endoplasms
  3 giant cockroaches
  5 goblins
  8 hobgoblins
  2 quokkas (D:1)
  4 frilled lizards
  3 kobolds
  5 rats
51 creatures vanquished.

Notes
Turn   | Place    | Note
-------+----------+-------------------------------------------
     0 | D:1      | safid the Minotaur Hunter began the quest for the Orb.
     0 | D:1      | Reached XP level 1. HP: 18/18 MP: 0/0
   125 | D:1      | Reached skill level 1 in Stealth
   332 | D:1      | Reached XP level 2. HP: 25/25 MP: 1/1
   945 | D:2      | Reached skill level 5 in Ranged Weapons
   990 | D:2      | Found a faded altar of an unknown god.
  1064 | D:2      | Reached XP level 3. HP: 31/31 MP: 2/2
  1606 | D:3      | Reached XP level 4. HP: 38/38 MP: 3/3
  1683 | D:3      | Reached skill level 6 in Ranged Weapons
  1752 | D:3      | Noticed Grinder
  1765 | D:3      | Slain by an adder

Illustrated notes

Levels and vault maps discovered:
D:1:      dpeg_arrival_shelter, layout_basic
D:2:      layout_loops_ring, ebering_ecumenical_altar_petrified
D:3:      layout_rooms, grunt_gozag_statues, uniq_grinder

Skill      XL: |  1  2  3  4 |
---------------+-------------+-----
Stealth        | 1 |  1.0
Fighting       | 3 |  3.0
Ranged Weapons | 5 6 |  6.1
Dodging        | |  2.3

Action                   |  1- 3 |  4- 6 || total
-------------------------+-------+-------++-------
 Fire: Shortbow          |    93 |    27 ||   120
Armor: Leather armour    |     5 |     3 ||     8
Dodge: Dodged            |    27 |     6 ||    33
